 Dungeon Crawl Stone Soup version 0.31-a0-233-g139696dc86 (webtiles) character file.

Game seed: 16159504116499657474

288 garrulousMonolith the Chiller (level 6, 0/44 HPs)
             Began as a Merfolk Ice Elementalist on July 9, 2023.
             Slain by an adder (1 damage)
             ... in a sewer.
             The game lasted 00:07:32 (3041 turns).

garrulousMonolith the Chiller (MfIE)                Turns: 3041, Time: 00:07:32

Health: 0/44       AC:  3    Str:  7    XL:     6   Next: 31%
Magic:  10/10      EV: 12    Int: 21    God:
Gold:   180        SH:  0    Dex: 15    Spells: 6/10 levels left

rFire   . . .        m - +1 short sword (freeze)
rCold   . . .        (no shield)
rNeg    . . .        q - +0 leather armour
rPois   .            (no helmet)
rElec   .            (no cloak)
rCorr   .            (no gloves)
SInv    .            (boots currently unavailable)
Will    +....        (no amulet)
Stlth   ++++         n - ring of willpower
HPRegen 0.27/turn    (no ring)
MPRegen 0.12/turn

%: random rage (3%)
@: hasted, constricted, very quick
A: nimble swimmer 2, mertail, thin skeletal structure 1, berserk 1, clever 1
a: no special abilities


You were in a sewer.
You visited 1 branch of the dungeon, and saw 3 of its levels.
You also visited: Sewer.

You collected 180 gold pieces.

Inventory:

Hand Weapons
 f - a +0 dagger
 m - a +1 short sword of freezing (weapon)
Armour
 a - an orb of guile
 q - a +0 leather armour (worn)
Jewellery
 n - a ring of willpower (left hand)
Scrolls
 e - a scroll of torment
 g - a scroll of silence {unknown}
 h - a scroll of noise
 k - a scroll of enchant weapon {unknown}
 o - a scroll of blinking
Potions
 l - a potion of lignification {unknown}
 p - a potion of resistance {unknown}


   Skills:
 + Level 2.1 Fighting
 + Level 3.9 Dodging
 + Level 3.2 Stealth
 + Level 2.7 Spellcasting
 * Level 2.4 Summonings
 * Level 5.6 Ice Magic


You had 6 spell levels left.
You knew the following spells:

 Your Spells              Type           Power      Damage    Failure   Level
a - Freeze                Ice            100%       1d10      1%          1
b - Frozen Ramparts       Ice            52%        1d8       6%          3

Your spell library contained the following spells:

 Spells                   Type           Power      Damage    Failure   Level
 Ozocubu's Armour         Ice            26%        N/A       6%          3
 Cigotuvi's Dreadful Rot  Necr/Pois/Air  4%         N/A       30%         2
 Summon Ice Beast         Ice/Summ       20%        N/A       36%         4
 Ignite Poison            Fire/Tmut/Pois 2%         N/A       52%         3
 Metabolic Englaciation   Hex/Ice        7%         N/A       87%         5
 Freezing Cloud           Conj/Ice/Air   5%         6-21      95%         5
 Simulacrum               Ice/Necr       7%         N/A       100%        6


Dungeon Overview and Level Annotations

Branches:
Dungeon (3/15)              Sewer (1/1)

Altars:

Annotations:
D:3 1 transporter


Innate Abilities, Weirdness & Mutations

You are very nimble when in or above water. (Stealth+, EV+, Speed+++)
Your lower body shifts to a powerful aquatic tail in water.
You have a somewhat thin skeletal structure. (Dex +2, Stealth+)
You sometimes lose your temper in combat.
Your mind is acute. (Int +4, Str/Dex -1)


Message History

You freeze the adder.
The adder is lightly wounded.
You feel sick. The ball python misses you. The ball python constricts you.
* * * LOW HITPOINT WARNING * * *
The adder barely misses you. The frilled lizard bites you.
* * * LOW HITPOINT WARNING * * *
Your magical contamination has completely faded away.
You escape the ball python's grasp.
You feel sick.
It was a potion of mutation.
You feel extremely strange.
You feel clever.
You feel a little pissed off.
Your bones become slightly less dense.
You feel sick. The adder misses you. The ball python closely misses you. x2
The adder barely misses you.
It was a potion of attraction.
You feel attractive to monsters.
You feel sick. The frilled lizard closely misses you.
The ball python misses you. The ball python closely misses you.
The adder bites you.
* * * LOW HITPOINT WARNING * * *
Magic courses through your body.
* * * LOW HITPOINT WARNING * * *
You feel sick. The ball python completely misses you.
The ball python misses you. The frilled lizard closely misses you.
The adder closely misses you. The adder misses you.
The ball python closely misses you. The ball python grabs you.
The ball python constricts you.
It was a potion of cancellation.
Your magical effects are unravelling.
You feel magically purged.
* * * LOW HITPOINT WARNING * * *
You feel sick. The adder closely misses you.
The frilled lizard closely misses you. The adder misses you.
The ball python closely misses you. The ball python constricts you.
The adder closely misses you.
You feel less attractive to monsters.
It was a potion of haste.
You feel yourself speed up.
* * * LOW HITPOINT WARNING * * *
You feel sick.
You are no longer poisoned.
The adder bites you.
You die...

#.~≈≈~~~~≈≈≈~~≈~~~~
~~~
#.~≈~~..~~~~≈≈~≈~~..
...
#.~≈~.~≈≈≈≈≈~~≈≈≈≈≈≈≈
###
#~~≈~.~≈≈≈≈≈≈≈≈≈≈≈≈≈~
#~~≈~~~≈≈≈≈~~.~≈≈≈≈≈≈
#~~≈~~~≈≈≈~~.....≈≈≈≈
#~~≈~~≈≈≈~≈≈...~?.≈≈≈
#~~≈~~~≈~llS.~~$)?.≈≈
#~~≈~≈≈~≈≈@S~..=$.~.≈
#.~≈≈≈≈≈≈≈~S.~≈≈.~.≈≈
#~~≈≈≈#≈≈~~∩.≈≈≈≈≈≈≈≈
#~~≈≈≈##≈≈≈~≈≈≈≈≈≈≈≈≈
#.~≈≈≈####≈≈≈≈≈≈≈≈≈≈≈
#.~≈≈~# ####≈≈≈≈≈≈##
#.~≈~.# ########
#.~≈≈~# #.~≈~~#


You could see 2 adders, a ball python and 2 frilled lizards.

Vanquished Creatures
  2 bullfrogs (Sewer)
  2 gnolls (D:3)
  6 adders
  2 worms
  2 dart slugs
  5 orcs (D:3)
  4 ball pythons
  5 endoplasms
  7 giant cockroaches
  4 goblins
  4 hobgoblins
  5 jackals (D:2)
  6 quokkas
  8 bats
  7 frilled lizards
  3 kobolds
  8 rats
80 creatures vanquished.

Notes
Turn   | Place    | Note
-------+----------+-------------------------------------------
     0 | D:1      | garrulousMonolith the Merfolk Ice Elementalist began the
                  | quest for the Orb.
     0 | D:1      | Reached XP level 1. HP: 13/13 MP: 3/3
   347 | D:1      | Reached XP level 2. HP: 17/20 MP: 0/5
  1004 | D:1      | Reached skill level 1 in Fighting
  1004 | D:1      | Reached XP level 3. HP: 26/26 MP: 2/6
  1008 | D:1      | Learned a level 3 spell: Frozen Ramparts
  1420 | D:2      | Found a faded altar of an unknown god.
  1608 | D:2      | Reached skill level 5 in Ice Magic
  1722 | D:2      | Reached XP level 4. HP: 29/32 MP: 3/7
  2004 | D:2      | Reached skill level 1 in Summonings
  2421 | D:3      | Noticed an ancient zyme
  2544 | D:3      | Noticed a kobold brigand
  2552 | D:3      | Found a transporter.
  2665 | D:3      | Found a glowing drain.
  2670 | D:3      | Reached XP level 5. HP: 27/37 MP: 4/8
  2677 | Sewer    | Entered a sewer
  3029 | Sewer    | Reached XP level 6. HP: 30/44 MP: 4/10
  3037 | Sewer    | Gained mutation: Your mind is acute. (Int +4, Str/Dex -1)
                  | [potion of mutation]
  3037 | Sewer    | Gained mutation: You sometimes lose your temper in combat.
                  | [potion of mutation]
  3037 | Sewer    | Gained mutation: You have a somewhat thin skeletal
                  | structure. (Dex +2, Stealth+) [potion of mutation]
  3039 | Sewer    | HP: 2/44 [poisoned by an adder]
  3041 | Sewer    | Slain by an adder

Illustrated notes

Levels and vault maps discovered:
D:1:      noname_arrival_rooms_in_the_neighbourhood, layout_basic,
          minmay_tiny_reverse_x
D:2:      layout_basic, shapermc_ecumenical_altar_gd
D:3:      layout_loops_corners, okawaru_altar_gauntlet_db,
          gammafunk_ghost_abyssal_escape, portal_sewer_entry_d
Sewer:    sewer_frog_island_01

Skill      XL: |  1  2  3  4  5 |
---------------+----------------+-----
Dodging        | 3 |  3.9
Fighting       | 1 2 |  2.1
Ice Magic      | 5 |  5.6
Summonings     | 1 2 |  2.4
Stealth        | 3 |  3.2
Spellcasting   | |  2.7

Action                     |  1- 3 |  4- 6 || total
---------------------------+-------+-------++-------
  Melee: Unarmed           |     2 |       ||     2
         Dagger            |    12 |       ||    12
         Short sword       |    20 |    50 ||    70
         Tailslap          |       |     2 ||     2
         Punch             |       |     1 ||     1
   Cast: Freeze            |    61 |    47 ||   108
         Frozen Ramparts   |       |     1 ||     1
    Use: Scroll            |       |     2 ||     2
         Potion            |       |     5 ||     5
   Stab: Sleeping          |       |     1 ||     1
 Armour: Robe              |    14 |     2 ||    16
         Leather armour    |       |    19 ||    19
  Dodge: Dodged            |    58 |    98 ||   156

Table legend: (Time is in decaauts)
 A = Elapsed time spent in this place.
 B = Non-inter-level travel time spent in this place.
 C = Inter-level travel time spent in this place.
 D = Time resting spent in this place.
 E = Time spent auto-exploring this place.
 F = Levels seen in this place.
 G = Mean time per level.
                   A        B        C        D        E       F      G
               +--------+--------+--------+--------+--------+-----+--------+
         Total |   3001 |   2892 |    109 |    725 |   1320 |   4 |  750.2 |
       Dungeon |   2671 |   2562 |    109 |    626 |   1195 |   3 |  890.3 |
         Sewer |    330 |    330 |      0 |     99 |    125 |   1 |  330.0 |
               +--------+--------+--------+--------+--------+-----+--------+

Top non-repeatable levels by time:
     D:1: 1306 daAuts
     D:2: 1007 daAuts
     D:3: 358 daAuts
   Sewer: 330 daAuts
